 Dungeon Crawl Stone Soup version 0.29.1-13-g9f3cf754e1 (webtiles) character file.

Game seed: 12228995360225368987

10320 cowcol the Cleaver (level 11, -9/82 HPs)
             Began as a Minotaur Monk on Feb 3, 2023.
             Was a Priest of Hepliaklqana.
             Killed by divine providence
             ... invoked by a meliai
              (10 damage)
             ... in a Gauntlet.
             The game lasted 00:35:31 (12510 turns).

cowcol the Cleaver (Minotaur Monk)                 Turns: 12510, Time: 00:35:31

Health: -9/82      AC: 20    Str: 19    XL:     11   Next: 34%
Magic:  10/10      EV:  8    Int:  7    God:    Hepliaklqana [***...]
Gold:   158        SH:  0    Dex: 14    Spells: 10/10 levels left

rFire   . . .      SeeInvis .   S - +2 battleaxe (flame)
rCold   + . .      Faith    .   (shield currently unavailable)
rNeg    . . .      Spirit   .   M - +0 plate armour
rPois   .          Reflect  .   (helmet restricted)
rElec   .          Harm     .   x - +0 cloak
rCorr   .          Rampage  .   h - +0 pair of gloves
Will    +....      NoTele   +   K - +0 pair of boots
Stlth   ..........              Q - amulet of regeneration
HPRegen 1.03/turn               p - ring of willpower
MPRegen 0.12/turn               (no ring)

@: no status effects
A: reduced essence, horns 2, retaliatory headbutt, cold resistance 1
a: Renounce Religion, Recall Ancestor, Ancestor Identity, Transference


You were in a Gauntlet.
You worshipped Hepliaklqana.
Hepliaklqana was most pleased with you.
You visited 3 branches of the dungeon, and saw 12 of its levels.
You also visited: Sewer and Gauntlet.

You collected 565 gold pieces.
You spent 402 gold pieces at shops.
You donated 5 gold pieces to Zin.

Inventory:

Hand Weapons
 o - a +0 long sword
 s - a +5 dire flail
 D - a +2 battleaxe of venom
 H - a +1 hand axe of flaming
 I - a +2 mace of holy wrath
 S - a +2 battleaxe of flaming (weapon)
Missiles
 j - 2 poisoned darts
 m - 121 stones
 y - 4 atropa-tipped darts (quivered)
 P - a boomerang of dispersal
Armour
 h - a +0 pair of gloves (worn)
 q - a +0 chain mail
 x - a +0 cloak (worn)
 K - a +0 pair of boots (worn)
 M - a +0 plate armour (worn)
Jewellery
 k - a ring of ice
 p - a ring of willpower (left hand)
 N - an amulet of reflection
 Q - an amulet of regeneration (around neck)
Wands
 a - a wand of quicksilver (9)
 b - a wand of polymorph (5)
 i - a wand of flame (26)
 C - a wand of digging (5)
 O - a wand of paralysis (10)
Scrolls
 d - a scroll of butterflies
 r - a scroll of summoning {unknown}
 t - a scroll of acquirement {unknown}
 v - 3 scrolls of vulnerability
 A - a scroll of fear
 F - a scroll of poison
 G - a scroll of identify
 J - 3 scrolls of immolation
 L - a scroll of teleportation
Potions
 c - a potion of ambrosia
 e - a potion of brilliance {unknown}
 f - 2 potions of cancellation
 g - a potion of flight {unknown}
 l - a potion of invisibility {unknown}
 n - 3 potions of attraction
 u - a potion of heal wounds
 w - 7 potions of curing
 z - 3 potions of haste
 B - a potion of resistance {unknown}
 R - a potion of berserk rage {unknown}
 T - a potion of might


   Skills:
 + Level 7.6 Fighting
 * Level 9.3 Long Blades
 + Level 12.4 Axes
 + Level 1.1 Throwing
 * Level 12.1 Armour
 + Level 4.8 Dodging
 + Level 3.7 Stealth


You had 10 spell levels left.
You didn't know any spells.
Your spell library contained the following spells:

 Spells                   Type           Power      Damage    Failure   Level
 Conjure Flame            Conj/Fire      0%         6-21      100%        3
 Gell's Gravitas          Tloc           0%         N/A       100%        3
 Ignite Poison            Fire/Tmut/Pois 0%         N/A       100%        3
 Lesser Beckoning         Tloc           0%         N/A       100%        3
 Teleport Other           Tloc           0%         N/A       100%        3
 Animate Armour           Summ/Erth      0%         N/A       100%        4
 Corpse Rot               Necr/Pois/Air  0%         N/A       100%        4
 Dispel Undead            Necr           0%         3d6       100%        4
 Sticky Flame             Conj/Fire      0%         2d3       100%        4
 Blade Hands              Tmut           0%         N/A       100%        5
 Death Channel            Necr           0%         N/A       100%        6
 Iron Shot                Conj/Erth      0%         9d1       100%        6


Dungeon Overview and Level Annotations

Branches:
Dungeon (9/15)             Temple (1/1) D:5            Lair (2/5) D:8
    Orc (0/2) D:9           Sewer (visited)         Gauntlet (1/1)
  Swamp: Lair:2-3    Shoals: Lair:2-3     Snake: Lair:2-3    Spider: Lair:2-3

Altars:
Ashenzari
Cheibriados
Dithmenos
Elyvilon
Fedhas
Gozag
Hepliaklqana
Kikubaaqudgha
Makhleb
Nemelex Xobeh
Okawaru
Qazlal
Ru
Sif Muna
Trog
Uskayaw
Vehumet
Wu Jian
Xom
Yredelemnul
Zin
The Shining One

Shops:
D:9 (

Annotations:
D:7 exclusion: statue
D:8 3 runed translucent doors Gauntlet 9 transporters, 12 runed translucent doors


Innate Abilities, Weirdness & Mutations

Your life essence is reduced to manifest your ancestor. (-10% HP)
You have a pair of horns on your head.
You reflexively headbutt those who attack you in melee.
Your flesh is cold resistant. (rC+)


Message History

The meliai barely misses you.
The meliai stings you but does no damage.
The meliai invokes the aid of its god against you.
Something smites you!
You closely miss the meliai.
The meliai is severely wounded.
You slash the meliai! You burn the meliai.
The meliai hits you with a +0 hand axe. The meliai barely misses you.
The meliai calls upon its god to heal the meliai.
The meliai is healed somewhat.
The meliai hits you but does no damage.
The meliai stings you but does no damage.
The meliai barely misses you. x2; The meliai hits you but does no damage.
The meliai stings you!
* * * LOW HITPOINT WARNING * * *
The meliai hits you with a +0 war axe.
* * * LOW HITPOINT WARNING * * *
The meliai stings you!
* * * LOW HITPOINT WARNING * * *
You feel much better. The meliai hits you with a +0 hand axe.
The meliai stings you. The meliai hits you with a +0 war axe!
* * * LOW HITPOINT WARNING * * *
The meliai barely misses you.
The meliai calls upon its god to heal the meliai.
The meliai is healed somewhat.
The meliai closely misses you. The meliai stings you.
* * * LOW HITPOINT WARNING * * *
Blink to where?
Press: ? - help, Dir - move target
As you read the scroll of blinking, it crumbles to dust.
You close the large door.
A meliai opens the large door.
You closely miss the meliai. You headbutt the meliai.
The meliai is heavily wounded.
The meliai invokes the aid of its god against you.
Something smites you!
* * * LOW HITPOINT WARNING * * *
The meliai calls upon its god to heal the meliai.
The meliai's wounds heal themselves!
The meliai calls down the wrath of its god upon you.
Something smites you!
You die...

.#....§....#.©.#.....#
#####...###########..###
.99Y#...#..+.©.'..#..#8#
..#9#...#..+...)..#..###
.##.#...#++#+#'#''#..#
##..#...#..+...'..#..###
....#...#..+...y..#..#8#
##..#...#++#...#y'#..###
.##.#...#..#+++#@.#..#
..#.#...#.........#..###
"...#...#..)!©.[..#..#8#
#####...###########..###
.#....≈....#.©.#.....#
.#...§8§...#...#.8...###
.#...§§§...#.©.#.....#8#
#####...###########..###
..*x#...#WW.......#..#


You could see 2 meliai.

Vanquished Creatures
  A hydra (Lair:1)
  2 two-headed ogres (D:9)
  A cane toad (Lair:2)
  A komodo dragon (Lair:1)
  A meliai (Gauntlet)
  3 dream sheep (Lair:1)
  A shadow (Gauntlet)
  2 wyverns
  3 yaks
  A basilisk (D:8)
  Menkaure (D:7)
  A water moccasin (D:7)
  2 orc warriors (D:9)
  2 black bears
  A sky beast (D:7)
  2 ice beasts
  4 centaurs
  2 ogres (D:8)
  Blork the orc (D:6)
  5 bullfrogs
  A kobold brigand (D:8)
  5 scorpions
  A necrophage (D:4)
  2 wights (D:9)
  A jelly (D:5)
  4 howler monkeys (D:9)
  4 hounds
  4 orc priests
  2 iguanas (D:4)
  8 orc wizards
  5 hell rats (Lair:2)
  6 gnolls
  10 adders
  A shadow imp (D:5)
  2 white imps
  2 ufetubi
  3 worms
  A dart slug (D:3)
  36 orcs
  16 ball pythons
  3 bats
  16 endoplasms
  19 giant cockroaches
  11 goblins
  6 hobgoblins
  7 kobolds
  14 quokkas
  13 frilled lizards
  4 rats
244 creatures vanquished.

Vanquished Creatures (collateral kills)
  2 cane toads (Lair:1)
  4 dream sheep (Lair:1)
  3 yaks (Lair:2)
  2 shadows (Gauntlet)
  A water moccasin (Lair:1)
  2 centaurs
  A kobold brigand (D:9)
  2 bullfrogs
  3 wights (D:9)
  2 howler monkeys (D:9)
  2 orc wizards
  A hell rat (Lair:2)
  6 orcs
  5 kobolds (D:9)
  2 butterflies (Lair:1)
38 creatures vanquished.

Vanquished Creatures (others)
  A battlemage (Gauntlet)
  4 ancestors
  A butterfly (D:9)
  14 withered plants (Gauntlet)
20 creatures vanquished.

Grand Total: 302 creatures vanquished

Notes
Turn   | Place    | Note
-------+----------+-------------------------------------------
     0 | D:1      | cowcol the Minotaur Monk began the quest for the Orb.
     0 | D:1      | Reached XP level 1. HP: 19/19 MP: 0/0
   382 | D:1      | Reached XP level 2. HP: 24/27 MP: 1/1
  1089 | D:1      | Found a faded altar of an unknown god.
  1123 | D:1      | Prayed at the altar of an unknown god.
  1123 | D:1      | Became a worshipper of Zin the Law-Giver
  1123 | D:1      | Reached * piety under Zin
  1123 | D:1      | Reached ** piety under Zin
  1123 | D:1      | Reached *** piety under Zin
  1191 | D:1      | Fell from the grace of Zin
  1381 | D:2      | Reached XP level 3. HP: 33/33 MP: 2/2
  1640 | D:2      | Reached skill level 1 in Armour
  2027 | D:2      | Reached XP level 4. HP: 41/41 MP: 3/3
  2036 | D:2      | Gained mutation: You are dopey. (Int -2) [potion of
                  | mutation]
  2036 | D:2      | Gained mutation: You have large cloven feet. [potion of
                  | mutation]
  2036 | D:2      | Gained mutation: Armour fits poorly on your strangely
                  | shaped body. [potion of mutation]
  2036 | D:2      | Gained mutation: Your flesh is cold resistant. (rC+)
                  | [potion of mutation]
  2515 | D:3      | Reached skill level 1 in Long Blades
  2921 | D:3      | Found a hide-covered altar of Uskayaw.
  3195 | D:3      | Found a sparkling altar of Nemelex Xobeh.
  3478 | D:4      | Reached XP level 5. HP: 41/47 MP: 4/4
  3499 | D:4      | Lost mutation: Your flesh is cold resistant. (rC+) [potion
                  | of mutation]
  3499 | D:4      | Lost mutation: You have large cloven feet. [potion of
                  | mutation]
  3499 | D:4      | Lost mutation: Armour fits poorly on your strangely shaped
                  | body. [potion of mutation]
  3661 | D:4      | Reached skill level 5 in Axes
  3879 | D:4      | Reached XP level 6. HP: 53/53 MP: 5/5
  3908 | D:4      | Found a glowing drain.
  3920 | Sewer    | Entered a sewer
  4565 | Sewer    | Reached skill level 5 in Armour
  4565 | Sewer    | Reached XP level 7. HP: 29/60 MP: 6/6
  5020 | D:4      | Found a shimmering blue altar of Sif Muna.
  5020 | D:4      | Found an ornate altar of the Wu Jian Council.
  5042 | D:4      | Found a sacrificial altar of Ru.
  5722 | D:5      | Entered Level 5 of the Dungeon
  5939 | D:5      | Found a staircase to the Ecumenical Temple.
  5946 | Temple   | Entered the Ecumenical Temple
  6046 | Temple   | Became a worshipper of Hepliaklqana the Forgotten
  6178 | D:5      | Reached skill level 5 in Fighting
  6409 | D:5      | Reached XP level 8. HP: 59/68 MP: 7/7
  6477 | D:5      | Reached skill level 5 in Long Blades
  6701 | D:5      | Fell from the grace of Hepliaklqana
  6756 | Temple   | Became a worshipper of Hepliaklqana the Forgotten
  7651 | D:6      | Noticed Blork the orc
  7660 | D:6      | Killed Blork the orc
  7850 | D:6      | Found a basalt altar of Yredelemnul.
  8106 | D:7      | Reached * piety under Hepliaklqana
  8219 | D:7      | Noticed Menkaure
  8222 | D:7      | Killed Menkaure
  8833 | D:7      | Reached XP level 9. HP: 67/67 MP: 8/8
  8973 | D:7      | Found a radiant altar of Vehumet.
  9479 | D:8      | Found a staircase to the Lair.
  9575 | D:8      | Found a bloodstained altar of Trog.
  9765 | D:8      | Found a stormy altar of Qazlal.
  9878 | D:8      | Found a runed translucent gate.
  9878 | D:8      | Noticed a cyan ugly thing
  9906 | D:8      | Lost mutation: You are dopey. (Int -2) [potion of mutation]
  9906 | D:8      | Gained mutation: Your flesh is cold resistant. (rC+)
                  | [potion of mutation]
  9934 | D:8      | Found a runed translucent gate.
  9936 | D:8      | Found a runed translucent gate.
  9940 | D:8      | Noticed a brown ugly thing
  9940 | D:8      | Noticed a brown ugly thing
  9943 | D:8      | Noticed a brown ugly thing
 10022 | D:9      | Reached skill level 10 in Armour
 10180 | D:9      | Noticed a two-headed ogre
 10186 | D:9      | Reached skill level 10 in Axes
 10210 | D:9      | Killed a two-headed ogre
 10211 | D:9      | Reached XP level 10. HP: 50/75 MP: 9/9
 10349 | D:9      | Noticed a two-headed ogre
 10358 | D:9      | Killed a two-headed ogre
 10361 | D:9      | Found a white marble altar of Elyvilon.
 10431 | D:9      | Found an iron altar of Okawaru.
 10564 | D:9      | Found Woyczal's Weapon Shop.
 10564 | D:9      | Found a staircase to the Orcish Mines.
 10567 | D:9      | Reached ** piety under Hepliaklqana
 10575 | D:9      | Remembered your ancestor Izel as a battlemage
 10577 | D:9      | Bought a +2 battleaxe of flaming for 402 gold pieces
 10849 | Lair:1   | Entered Level 1 of the Lair of Beasts
 11034 | Lair:1   | Noticed a cane toad
 11041 | Lair:1   | Killed a cane toad
 11107 | Lair:1   | Noticed a seven-headed hydra
 11113 | Lair:1   | Killed a four-headed hydra
 11114 | Lair:1   | Reached XP level 11. HP: 54/82 MP: 10/10
 11481 | Lair:1   | Reached skill level 1 in Throwing
 11905 | Lair:1   | Reached *** piety under Hepliaklqana
 12132 | Lair:2   | Found a gate leading to a gauntlet.
 12139 | Gauntlet | Entered a Gauntlet
 12139 | Gauntlet | Found a transporter.
 12139 | Gauntlet | Found a transporter.
 12139 | Gauntlet | Found a transporter.
 12144 | Gauntlet | Found a transporter.
 12146 | Gauntlet | Found a large runed translucent door.
 12147 | Gauntlet | Found a large runed translucent door.
 12148 | Gauntlet | Found a large runed translucent door.
 12148 | Gauntlet | Found a large runed translucent door.
 12148 | Gauntlet | Found a runed translucent door.
 12148 | Gauntlet | Found a runed translucent door.
 12149 | Gauntlet | Found a large runed translucent door.
 12149 | Gauntlet | Found a large runed translucent door.
 12149 | Gauntlet | Found a large runed translucent door.
 12149 | Gauntlet | Found a large runed translucent door.
 12150 | Gauntlet | Found a large runed translucent door.
 12150 | Gauntlet | Found a large runed translucent door.
 12150 | Gauntlet | Found a large runed translucent door.
 12151 | Gauntlet | Found a large runed translucent door.
 12151 | Gauntlet | Found a large runed translucent door.
 12151 | Gauntlet | Found a large runed translucent door.
 12151 | Gauntlet | Found a large runed translucent door.
 12151 | Gauntlet | Found a large runed translucent door.
 12194 | Gauntlet | Found a runed translucent gate.
 12194 | Gauntlet | Found a runed translucent gate.
 12194 | Gauntlet | Found a runed translucent gate.
 12196 | Gauntlet | Found a transporter.
 12200 | Gauntlet | Found a transporter.
 12210 | Gauntlet | Found a transporter.
 12233 | Gauntlet | Noticed a wretched star
 12236 | Gauntlet | Found a transporter.
 12253 | Gauntlet | Found a transporter.
 12257 | Gauntlet | Found a transporter.
 12266 | Gauntlet | Noticed a catoblepas
 12269 | Gauntlet | Found a transporter.
 12271 | Gauntlet | Found a transporter.
 12506 | Gauntlet | HP: 4/82 [meliai/+0 war axe (7)]
 12510 | Gauntlet | HP: 1/82 [meliai/divine providence (17)]
 12510 | Gauntlet | Killed from afar by a meliai

Illustrated notes

Levels and vault maps discovered:
D:1:      dpeg_arrival_rhombi, layout_loops_ring,
          hellmonk_ecumenical_altar_run_dry, roderic_malta_cross,
          kennysheep_boxes
D:2:      layout_loops_cross
D:3:      layout_basic, mainiacjoe_overflow_alcove_1,
          mainiacjoe_overflow_surrounded_room
D:4:      layout_basic, nicolae_overflow_crystal_walls,
          gammafunk_temple_overflow_statue, portal_sewer_entry_f
D:5:      layout_loops_corners, minmay_temple_entry_offerings, st_stairs_1,
          minmay_diced_spiral
D:6:      layout_cave_pools, kennysheep_little_box, kennysheep_generic_room_12,
          uniq_blork_the_orc
D:7:      layout_basic, vehumet_statue, uniq_menkaure
D:8:      layout_loops_cross, nicolae_qazlal_style_of_elements,
          trog_antimagical, david_lair_generic,
          ploomutoo_gammafunk_ghost_potion_laboratory
D:9:      layout_roguey, nicolae_elyvilon_peaceful_grove, okawaru_gym_becter,
          orc_david_3
Temple:   minmay_temple_curvy_loop
Lair:1:   layout_hall_layers, infiniplex_staircase_pool_2, lemuel_fruit_fields
Lair:2:   layout_long_grid, gauntlet_entry_generic,
          hangedman_lair_unloving_vines, hibernation_bobbens,
          grunt_megastairs_5, serial_bayou_shore_b, uniq_erica, uniq_sonja
Gauntlet: gammafunk_gauntlet_hard_choice [gammafunk_gauntlet_arena_arrow_garden,
          nicolae_gauntlet_arena_t_cross, gammafunk_gauntlet_arena_split_x,
          minmay_gauntlet_arena_make_your_own_arena,
          gammafunk_gauntlet_arena_grid, gammafunk_gauntlet_arena_corners,
          gauntlet_exit_hidden_loot]

Skill      XL: |  1  2  3  4  5  6  7  8  9 10 11 |
---------------+----------------------------------+-----
Fighting       | 4 5 6 7 |  7.6
Axes           | 4 5 6 8 10 11 12 | 12.4
Armour         | 1 2 3 5 6 8 10 11 12 | 12.1
Stealth        | 2 3 |  3.7
Long Blades    | 1 2 4 6 7 8 9 |  9.3
Dodging        | 4 |  4.8
Throwing       | 1 |  1.1

Action                   |  1- 3 |  4- 6 |  7- 9 | 10-12 || total
-------------------------+-------+-------+-------+-------++-------
Melee: Hand axe          |   111 |   218 |    47 |       ||   376
       Headbutt          |    15 |    37 |    39 |    11 ||   102
       Punch             |     3 |     6 |     2 |       ||    11
       Kick              |       |    17 |       |       ||    17
       Demon blade       |       |       |    71 |       ||    71
       Battleaxe         |       |       |   105 |    63 ||   168
Throw: Stone             |     1 |       |       |       ||     1
       Dart              |       |     1 |     3 |     4 ||     8
Invok: Renounce Religion |     1 |       |     1 |       ||     2
       Ancestor Identity |       |       |       |     2 ||     2
       Recall Ancestor   |       |       |       |     1 ||     1
       Ancestor Life: Ba |       |       |       |     1 ||     1
Evoke: Wand              |       |       |     1 |       ||     1
  Use: Potion            |     1 |     2 |     3 |     1 ||     7
       Scroll            |     3 |     3 |    12 |     4 ||    22
 Stab: Sleeping          |     1 |       |       |       ||     1
       Invisible         |       |       |     1 |       ||     1
       Paralysed         |       |       |     4 |       ||     4
       Distracted        |       |       |       |     2 ||     2
Armor: Robe              |    11 |       |       |       ||    11
       Ring mail         |    23 |       |       |       ||    23
       Chain mail        |       |   124 |   159 |    15 ||   298
       Plate armour      |       |       |       |    53 ||    53
Dodge: Dodged            |    50 |   107 |   123 |    55 ||   335
